 Dungeon Crawl Stone Soup version 0.17.1-3-g152610e (webtiles) character file.

5924 Reasonance the Cleaver (level 10, -3/93 HPs)
             Began as a Hill Orc Berserker on Apr 6, 2016.
             Was a High Priest of Trog.
             Slain by a four-headed hydra (11 damage)
             ... on level 1 of the Lair of Beasts on Apr 8, 2016.
             The game lasted 02:13:37 (9126 turns).

Reasonance the Cleaver (Hill Orc Berserker)         Turns: 9126, Time: 02:13:37

Health: -3/93      AC: 16    Str: 22    XL:     10   Next: 83%
Magic:  10/10      EV: 12    Int:  7    God:    Trog [*****.]
Gold:   550        SH:  0    Dex: 12    Spells: 0 memorised, 9 levels left

rFire  . . .     SeeInvis .     e - +1 flail (holy) {Evil's Bane}
rCold  + . .     Clarity  .     h - +2 leather armour {rPois}
rNeg   + + .     SustAt   .     (no shield)
rPois  +         Gourm    .     Q - +2 hat
rElec  .         Spirit   .     W - +2 cloak
rCorr  .         Warding  +     R - +0 pair of gloves
rMut   .         Stasis   .     N - +2 pair of boots
MR     .....                    y - amulet of warding
Stlth  ++........               G - ring of positive energy
                                A - ring of protection from cold

@: exhausted, slowed, very slow, not resistant to hostile enchantments,
unstealthy
A: no striking features
a: Berserk, Trog's Hand, Brothers in Arms, Burn Spellbooks, Renounce Religion


You were on level 1 of the Lair of Beasts.
You worshipped Trog.
Trog was extremely pleased with you.
You were hungry.

You visited 2 branches of the dungeon, and saw 12 of its levels.

You collected 550 gold pieces.

Inventory:

Hand Weapons
 a - a +7 war axe
 b - a +0 hunting sling
 e - a +1 flail of holy wrath (weapon) {Evil's Bane}
 s - a +3 flail
 K - a +0 war axe
 T - a +3 battleaxe
Missiles
 d - 10 silver sling bullets
 q - 213 stones (quivered)
Armour
 h - a +2 leather armour of poison resistance (worn)
 l - a +0 plate armour
 N - a +2 pair of boots (worn)
 Q - a +2 hat (worn)
 R - a +0 pair of gloves (worn)
 W - a +2 cloak (worn)
Jewellery
 y - an amulet of warding (around neck)
 A - a ring of protection from cold (left hand)
 G - a ring of positive energy (right hand)
 I - an uncursed amulet of resist mutation
 J - an uncursed ring of ice
 V - an uncursed ring of teleportation
Wands
 z - a wand of digging (13)
 D - a wand of frost (17)
 M - a wand of frost (37)
Scrolls
 g - 4 scrolls of magic mapping
 k - 7 scrolls of remove curse
 r - 4 scrolls of identify
 w - 3 scrolls of teleportation
 B - a scroll of enchant weapon
 Y - a scroll of recharging
Potions
 i - 2 potions of heal wounds {unknown}
 j - 2 potions of cancellation {unknown}
 n - 5 potions of lignification {unknown}
 o - a potion of might {unknown}
 p - a potion of ambrosia {unknown}
 t - 5 potions of curing
 u - 2 potions of brilliance {unknown}
 v - a potion of magic {unknown}
 E - 2 potions of flight {unknown}
 U - a potion of agility
Comestibles
 c - 5 bread rations
 f - 5 chunks of flesh
 F - 7 meat rations


   Skills:
 * Level 10.1 Fighting
 * Level 13.2 Axes
 + Level 1.0(7.3) Maces & Flails
 * Level 9.5 Armour
 + Level 2.6 Dodging
 + Level 2.1 Stealth
 + Level 1.1 Evocations


You had 9 spell levels left.
You didn't know any spells.

Dungeon Overview and Level Annotations

Branches:
Dungeon (11/15)            Temple (0/1) D:4            Lair (1/8) D:8
    Orc: D:9-12

Altars:
Ashenzari
Nemelex Xobeh
Ru
Yredelemnul
Zin
The Shining One

Portals:
Sewer: D:4

Annotations:
D:3 MovingMist's ghost, amateur GrFi
D:5 Sigmund


Message History

The four-headed hydra bites you but does no damage. x2
The four-headed hydra bites you!
* * * LOW HITPOINT WARNING * * *
The four-headed hydra bites you!
* * * LOW HITPOINT WARNING * * *
The hippogriff closely misses you. The hippogriff misses you.
The hippogriff closely misses you.
You feel a strong urge to attack something.
You are too berserk!
You are too berserk!
You feel your anger subside.
You are no longer berserk.
You are exhausted.
You feel yourself slow down.
You are feeling hungry.
You hit the four-headed hydra.
The four-headed hydra is almost dead.
The four-headed hydra bites you but does no damage.
The four-headed hydra bites you!
You die...

#####..............
....#..#P............<..
........................
.......................
#........#..#......#..
...........#.....##..
##...###...#..[.## ..
..##......##...###..# ..
.......@H##.............
........D...............
...............P##......
........#.....### ......
..#....###....###P.P#.#.
# ###.##............P.##
#. ##........... #.
#...........
#...........


You could see a four-headed hydra and a hippogriff.

Vanquished Creatures
  A hill giant (D:10)
  2 komodo dragons
  5 yaks (D:9)
  2 wyverns
  Eustachio (D:5)
  A hungry ghost (D:8)
  A hippogriff (D:9)
  A water moccasin (D:7)
  3 phantoms
  5 ogres
  4 orc warriors
  2 ice beasts (D:10)
  2 sky beasts
  4 giant frogs
  Blork the orc (D:5)
  A centaur (D:10)
  A wyvern skeleton (D:9)
  2 scorpions (D:5)
  5 wights
  5 crimson imps
  8 orc wizards
  3 giant frog skeletons
  An iguana (D:5)
  2 jellies
  4 hounds
  6 orc priests
  3 worker ants
  A killer bee zombie (D:9)
  A hound skeleton (D:5)
  A worker ant zombie (D:5)
  3 gnolls (D:8)
  2 shadow imps
  9 adders
  3 worms
  2 adder skeletons
  An adder zombie (D:8)
  10 giant geckos
  35 orcs
  2 ball pythons
  4 giant cockroaches
  15 hobgoblins
  3 quokkas
  8 bats
  A giant gecko skeleton (D:3)
  7 giant newts
  8 goblins
  7 jackals
  8 kobolds
  A quokka skeleton (D:7)
  7 rats
215 creatures vanquished.

Vanquished Creatures (others)
  A quokka skeleton (D:5)
1 creature vanquished.

Grand Total: 216 creatures vanquished

Notes
Turn   | Place    | Note
--------------------------------------------------------------
     0 | D:1      | Reasonance the Hill Orc Berserker began the quest for the Orb.
     0 | D:1      | Reached XP level 1. HP: 19/19 MP: 1/1
   275 | D:1      | Reached XP level 2. HP: 27/27 MP: 2/2
  1266 | D:2      | Reached XP level 3. HP: 14/34 MP: 3/3
  1488 | D:2      | Reached ** piety under Trog
  2396 | D:2      | Found a shattered altar of Ashenzari.
  2402 | D:2      | Reached XP level 4. HP: 39/41 MP: 4/4
  2618 | D:3      | Reached skill level 5 in Fighting
  2845 | D:3      | Noticed MovingMist's ghost (amateur GrFi)
  3076 | D:3      | Reached skill level 5 in Axes
  3367 | D:3      | Reached XP level 5. HP: 46/48 MP: 5/5
  3614 | D:4      | Reached *** piety under Trog
  3800 | D:4      | Reached skill level 1 in Stealth
  3878 | D:4      | Found a staircase to the Ecumenical Temple.
  4006 | D:4      | Found a glowing drain.
  4048 | D:4      | Found a basalt altar of Yredelemnul.
  4190 | D:5      | Entered Level 5 of the Dungeon
  4194 | D:5      | Reached XP level 6. HP: 56/56 MP: 6/6
  4199 | D:5      | Reached skill level 6 in Axes
  4323 | D:5      | Noticed a phantom
  4340 | D:5      | Killed a phantom
  4340 | D:5      | Reached skill level 7 in Axes
  4434 | D:5      | Found a sacrificial altar of Ru.
  4525 | D:5      | Reached XP level 7. HP: 63/63 MP: 7/7
  4582 | D:5      | Reached skill level 8 in Axes
  4744 | D:5      | Found a glowing golden altar of the Shining One.
  4747 | D:5      | Found a basalt altar of Yredelemnul.
  4827 | D:5      | Noticed Blork the orc
  4837 | D:5      | Killed Blork the orc
  4837 | D:5      | Reached XP level 8. HP: 65/71 MP: 8/8
  4841 | D:5      | Noticed Eustachio
  4842 | D:5      | Noticed Sigmund
  4876 | D:5      | Killed Eustachio
  4876 | D:5      | Reached skill level 9 in Axes
  5263 | D:6      | Found a sparkling altar of Nemelex Xobeh.
  5326 | D:6      | Reached skill level 5 in Armour
  5343 | D:6      | Reached **** piety under Trog
  5804 | D:7      | Reached skill level 10 in Axes
  5808 | D:7      | Noticed an ogre
  5814 | D:7      | Killed an ogre
  5945 | D:7      | Reached XP level 9. HP: 73/79 MP: 9/9
  6773 | D:8      | Reached skill level 11 in Axes
  6974 | D:8      | Found a staircase to the Lair.
  7422 | D:9      | Reached XP level 10. HP: 66/90 MP: 10/10
  7614 | D:9      | Reached skill level 12 in Axes
  7653 | D:9      | Reached skill level 1 in Maces & Flails
  7901 | D:9      | Found a glowing silver altar of Zin.
  8017 | D:10     | Entered Level 10 of the Dungeon
  8138 | D:10     | Noticed a hill giant
  8143 | D:10     | Killed a hill giant
  8728 | D:10     | Reached ***** piety under Trog
  8833 | D:11     | Reached skill level 13 in Axes
  8833 | D:11     | Reached skill level 1 in Evocations
  8835 | D:11     | Reached skill level 10 in Fighting
  8911 | D:11     | Noticed a six-headed hydra
  9029 | Lair:1   | Entered Level 1 of the Lair of Beasts
  9108 | Lair:1   | Noticed a four-headed hydra
  9126 | Lair:1   | Slain by a four-headed hydra

Action                   |  1- 3 |  4- 6 |  7- 9 | 10-12 || total
-------------------------+-------+-------+-------+-------++-------
Melee: Hand axe          |   140 |    44 |       |       ||   184
       War axe           |       |   120 |   202 |   143 ||   465
       Flail             |       |       |    39 |     6 ||    45
 Fire: Hunting sling     |     6 |       |     5 |       ||    11
Throw: Stone             |    13 |    13 |       |       ||    26
Invok: Berserk           |     1 |     3 |     7 |     4 ||    15
       Trog's Hand       |     1 |       |     3 |     2 ||     6
       Burn Spellbooks   |       |       |     1 |     2 ||     3
Evoke: Wand              |       |       |     4 |     7 ||    11
  Use: Scroll            |       |    11 |     9 |    10 ||    30
       Potion            |       |     1 |       |       ||     1
 Stab: Sleeping          |       |     1 |       |     1 ||     2
       Distracted        |       |       |       |     1 ||     1
  Eat: Chunk             |     6 |    10 |    19 |     9 ||    44
       Meat ration       |       |       |     1 |       ||     1
       Pizza             |       |       |     1 |       ||     1
